 Dungeon Crawl Stone Soup version 0.26-a0-651-gb41185065b (webtiles) character file.

Game seed: 516107643665140715

16 Flugslaktarn the Covered (level 2, -11/28 HPs)
             Began as a Deep Dwarf Fighter on Oct 6, 2020.
             Mangled by an ogre
             ... wielding a +0 giant club
              (27 damage)
             ... on level 4 of the Dungeon.
             The game lasted 00:00:13 (201 turns).

Flugslaktarn the Covered (Deep Dwarf Fighter)        Turns: 201, Time: 00:00:14

Health: -11/28     AC:  6    Str: 19    XL:     2   Next: 41%
Magic:  2/2        EV:  7    Int:  8    God:
Gold:   36         SH:  9    Dex: 12    Spells: 1/1 levels left

rFire    . . .     SeeInvis .   a - +0 war axe
rCold    . . .     Faith    .   c - +0 kite shield
rNeg     . . .     Spirit   .   b - +0 scale mail
rPois    .         Reflect  .   (no helmet)
rElec    .         Harm     .   (no cloak)
rCorr    .         Rampage  .   (no gloves)
MR       .....                  (no boots)
Stlth    ..........             (no amulet)
HPRegen  0.00/turn              (no ring)
MPRegen  0.08/turn              (no ring)

@: non-regenerating, lightly drained
A: damage resistance, heal wounds, sense surroundings 1, no regeneration
a: Heal Wounds


You were on level 4 of the Dungeon.
You visited 1 branch of the dungeon, and saw 4 of its levels.

You collected 36 gold pieces.

Inventory:

Hand Weapons
 a - a +0 war axe (weapon)
Armour
 b - a +0 scale mail (worn)
 c - a +0 kite shield (worn)
Scrolls
 e - a scroll of enchant armour {unknown}
 g - a scroll of remove curse {unknown}
Potions
 d - a potion of might
 f - a potion of flight {unknown}


   Skills:
 * Level 3.0(2.6) Fighting
 * Level 2.7(2.3) Axes
 + Level 3.4(3.0) Armour
 + Level 3.4(3.0) Shields


You had one spell level left.
You didn't know any spells.
Your spell library was empty.

Dungeon Overview and Level Annotations

Branches:
Dungeon (4/15)
 Temple: D:4-7

Altars:


Innate Abilities, Weirdness & Mutations

You are resistant to damage.
You can heal yourself by infusing magical energy.
You passively map a small area around you.
You do not regenerate.


Message History

Found 18 stones.
An ogre is nearby!
An ogre is nearby!
You slash the ogre!
The ogre is moderately wounded.
The ogre barely misses you.
You barely miss the ogre.
The ogre is moderately wounded.
The ogre barely misses you.
You barely miss the ogre.
The ogre is moderately wounded.
The ogre hits you with a +0 giant club!
You slash the ogre!
The ogre is severely wounded.
You block the ogre's attack.
You barely miss the ogre.
The ogre is severely wounded.
The ogre hits you with a +0 giant club!!
Ouch! That really hurt!
You die...

,
#..........#
, *
#..........#
,
#...<......#
, , ,
#..........#
###.####.###
, , , #.# #
* * * #.# ,
########.# *
* .......@.#
, *
......O..+,,
, ..(......#
* * ,
.......... ,
, ,
..........#
,
######....#
#....# ,
#....# * * ,


You could see an ogre.

Vanquished Creatures
  A leopard gecko (D:2)
  A giant cockroach (D:2)
  2 goblins
  A hobgoblin (D:1)
  2 quokkas
  A bat (D:2)
  3 frilled lizards
  2 kobolds
  2 rats
15 creatures vanquished.

Notes
Turn   | Place    | Note
-------+----------+-------------------------------------------
     0 | D:1      | Flugslaktarn the Deep Dwarf Fighter began the quest for the
                  | Orb.
     0 | D:1      | Reached XP level 1. HP: 20/20 MP: 1/1
    92 | D:2      | Reached XP level 2. HP: 22/27 MP: 2/2
   195 | D:4      | Noticed an ogre
   201 | D:4      | Mangled by an ogre

Illustrated notes

Levels and vault maps discovered:
D:1:      dpeg_arrival_fog, layout_loops_ring, serial_glass, glass_columns_a,
          glass_columns_c, nrook_loot_triangle
D:2:      layout_basic
D:3:      layout_basic, trog_butcher_becter
D:4:      layout_basic, grunt_temple_overflow_open,
          nicolae_overflow_crystal_walls

Skill      XL: |  1  2 |
---------------+-------+-----
Fighting       | 3 |  3.0
Axes           | |  2.7
Armour         | |  3.4
Shields        | |  3.4

Action                   || total
-------------------------++-------
Melee: War axe           ||    51
Armor: Scale mail        ||    26
Dodge: Dodged            ||    24
Block: Kite shield       ||    24

Table legend: (Time is in decaauts)
 A = Elapsed time spent in this place.
 B = Non-inter-level travel time spent in this place.
 C = Inter-level travel time spent in this place.
 D = Time resting spent in this place.
 E = Time spent auto-exploring this place.
 F = Levels seen in this place.
 G = Mean time per level.
                   A        B        C        D        E       F      G
               +--------+--------+--------+--------+--------+-----+--------+
         Total |    223 |    188 |     35 |      0 |     65 |   4 |   55.8 |
       Dungeon |    223 |    188 |     35 |      0 |     65 |   4 |   55.8 |
               +--------+--------+--------+--------+--------+-----+--------+

Top non-repeatable levels by time:
     D:2: 127 daAuts
     D:3: 44 daAuts
     D:1: 39 daAuts
     D:4: 12 daAuts
